 Dungeon Crawl Stone Soup version 0.29.0-11-gd7f09526c8 (webtiles) character file.

Game seed: 6375636826868592232

71878 LabCoat the Severer (level 15, -9/204 HPs)
             Began as a Hill Orc Fighter on Sept 5, 2022.
             Was a High Priest of Trog.
             Mangled by Arachne
             ... wielding a staff of poison
              (17 damage)
             ... on level 2 of the Spider Nest on Sept 6, 2022.
             The game lasted 02:02:39 (26414 turns).

LabCoat the Severer (Hill Orc Fighter)             Turns: 26414, Time: 02:02:42

Health: -9/204     AC: 28    Str: 27    XL:     15   Next: 38%
Magic:  15/15      EV:  8    Int:  8    God:    Trog [*****.]
Gold:   827        SH: 18    Dex: 10    Spells: 14/14 levels left

rFire   + . .      SeeInvis +   h - +4 war axe (vamp)
rCold   . . .      Faith    .   e - +2 kite shield
rNeg    . . .      Spirit   .   A - +1 plate armour
rPois   .          Reflect  +   w - +1 helmet {SInv}
rElec   .          Harm     .   j - +0 cloak
rCorr   .          Rampage  .   v - +0 pair of gloves
Will    +....                   k - +0 pair of boots
Stlth   ..........              K - amulet of reflection
HPRegen 0.44/turn               n - ring of protection from fire
MPRegen 0.14/turn               F - +4 ring of protection

@: berserking, lethally poisoned (-9 -> -29), hasted, very quick
A: no striking features
a: Renounce Religion, Berserk, Trog's Hand, Brothers in Arms


You were on level 2 of the Spider Nest.
You worshipped Trog.
Trog was extremely pleased with you.
You visited 6 branches of the dungeon, and saw 18 of its levels.
You also visited: Sewer.

You collected 1186 gold pieces.
You spent 359 gold pieces at shops.

Inventory:

Hand Weapons
 h - a +4 vampiric war axe (weapon)
 s - a +2 war axe of protection
 x - a +2 war axe of draining
 z - a +0 demon whip of electrocution
 C - a +0 morningstar of freezing
Missiles
 o - 4 poisoned darts
 u - 3 atropa-tipped darts
 O - 6 boomerangs (quivered)
Armour
 e - a +2 kite shield (worn)
 j - a +0 cloak (worn)
 k - a +0 pair of boots (worn)
 v - a +0 pair of gloves (worn)
 w - a +1 helmet of see invisible (worn)
 y - +0 steam dragon scales
 A - a +1 plate armour (worn)
Jewellery
 g - a ring of see invisible
 n - a ring of protection from fire (left hand)
 B - a +6 ring of dexterity
 F - a +4 ring of protection (right hand)
 H - a +4 ring of slaying
 I - a +4 ring of evasion
 K - an amulet of reflection (around neck)
Wands
 c - a wand of quicksilver (1)
 q - a wand of charming (8)
 J - a wand of roots (5)
 L - a wand of digging (4)
Scrolls
 b - a scroll of fear
 i - 2 scrolls of magic mapping
 r - 11 scrolls of teleportation
 D - 2 scrolls of amnesia
 E - a scroll of silence
Potions
 a - a potion of magic
 d - a potion of resistance {unknown}
 f - 4 potions of lignification
 l - 3 potions of flight
 p - 6 potions of brilliance
 G - a potion of degeneration {unknown}
 M - a potion of berserk rage {unknown}
 N - a potion of cancellation {unknown}


   Skills:
 + Level 13.2 Fighting
 + Level 19.6(20.6) Axes
 * Level 9.4(14.2) Maces & Flails
 + Level 5.3 Throwing
 + Level 13.1 Armour
 + Level 3.1 Dodging
 + Level 12.4 Shields
 + Level 3.2 Evocations


You had 14 spell levels left.
You didn't know any spells.
Your spell library contained the following spells:

 Spells                   Type           Power      Damage    Failure   Level
 Magic Dart               Conj           0%         1d3       99%         1
 Sandblast                Erth           0%         2d4       99%         1
 Passwall                 Tmut/Erth      0%         N/A       100%        2
 Searing Ray              Conj           0%         2d4       100%        2
 Sublimation of Blood     Necr           0%         N/A       100%        2
 Dazzling Flash           Conj/Hex       0%         N/A       100%        3
 Gell's Gravitas          Tloc           0%         N/A       100%        3
 Stone Arrow              Conj/Erth      0%         3d7       100%        3
 Animate Dead             Necr           0%         N/A       100%        4
 Fulminant Prism          Conj/Hex       0%         3d6       100%        4
 Passage of Golubria      Tloc           0%         N/A       100%        4
 Petrify                  Tmut/Erth      0%         N/A       100%        4
 Agony                    Necr           0%         N/A       100%        5
 Alistair's Intoxication  Tmut/Pois      0%         N/A       100%        5
 Borgnjor's Vile Clutch   Necr/Erth      0%         N/A       100%        5
 Irradiate                Conj/Tmut      0%         3d11      100%        5
 Metabolic Englaciation   Hex/Ice        0%         N/A       100%        5
 Silence                  Hex/Air        0%         N/A       100%        5
 Summon Forest            Summ/Tloc      0%         N/A       100%        5
 Summon Mana Viper        Hex/Summ       0%         N/A       100%        5
 Yara's Violent Unravell  Hex/Tmut       0%         3d3       100%        5
 Dispersal                Tloc           0%         N/A       100%        6
 Eringya's Noxious Bog    Tmut/Pois      0%         N/A       100%        6
 Statue Form              Tmut/Erth      0%         N/A       100%        6
 Summon Cactus Giant      Summ           0%         N/A       100%        6
 Haunt                    Necr/Summ      0%         N/A       100%        7
 Borgnjor's Revivificati  Necr           0%         N/A       100%        8
 Infestation              Necr           0%         N/A       100%        8
 Necromutation            Tmut/Necr      0%         N/A       100%        8
 Death's Door             Necr           0%         N/A       100%        9


Dungeon Overview and Level Annotations

Branches:
Dungeon (8/15)             Temple (1/1) D:4            Lair (5/5) D:8
  Swamp (1/4) Lair:3       Spider (2/4) Lair:3        Slime (1/5) Lair:4
  Sewer (visited)

Altars:
Ashenzari
Cheibriados
Dithmenos
Elyvilon
Fedhas
Gozag
Hepliaklqana
Kikubaaqudgha
Makhleb
Nemelex Xobeh
Okawaru
Qazlal
Ru
Sif Muna
Trog
Uskayaw
Vehumet
Wu Jian
Xom
Yredelemnul
Zin
The Shining One

Shops:
D:6 :*:*

Annotations:
D:6 2 transporters, Smoky173's ghost, novice GrMo
Swamp:1 Louise
Spider:2 Arachne


Message History

* * * LOW HITPOINT WARNING * * *
Arachne envenoms you!!
* * * LOW HITPOINT WARNING * * *
You are more poisoned.
You slash Arachne!
You feel better.
Arachne is moderately wounded.
You block Arachne's attack.
You hit Arachne.
Arachne is moderately wounded.
You feel sick. You block Arachne's attack.
You slice Arachne!!
Arachne is heavily wounded.
Arachne hits you but does no damage. Arachne envenoms you.
* * * LOW HITPOINT WARNING * * *
You are more poisoned.
You barely miss Arachne.
Arachne is heavily wounded.
You feel sick. Arachne hits you but does no damage. Arachne envenoms you!!
* * * LOW HITPOINT WARNING * * *
You are more poisoned.
You are too berserk!
You slash Arachne!
Arachne is heavily wounded.
* * * LOW HITPOINT WARNING * * *
You feel sick.
You are too berserk!
You slice Arachne!!
You feel better.
Arachne is severely wounded.
Arachne casts a spell at you. The bolt of poison hits you!!
You are lethally poisoned!
* * * LOW HITPOINT WARNING * * *
You slice Arachne!!
You feel better.
Arachne is almost dead.
* * * LOW HITPOINT WARNING * * *
You feel very sick.
Arachne hits you with a staff of poison.
* * * LOW HITPOINT WARNING * * *
Arachne envenoms you!
You die...

#...## ### ##.^#
##.. #.## #... #.#
#... ##.# #...
#.[# #... #..##
### ##... ##H..#
##.# #^... #.@..#
##.## #.... #.#..#
##.## #....
##.#..###.## #..^.
#.##..##.## *#....
##†##..#.## #.....
#.......## *#.....
##...H...##
**....##
#.........##
*,,###*
#..........###****


You could see Arachne.

Vanquished Creatures
  Jorgrun (Spider:2)
  2 ghost moths
  3 broodmothers
  3 entropy weavers
  A spark wasp (Spider:1)
  3 catoblepae (Lair:5)
  5 hydras
  A ghost crab (Lair:3)
  3 boulder beetles
  10 death yaks
  Sonja (Lair:5)
  A pharaoh ant (Spider:1)
  A goliath frog (Swamp:1)
  An orb spider (Spider:2)
  3 steelbarb worms
  A swamp dragon (Lair:3)
  2 bog bodies (Lair:3)
  3 lindwurms (Lair:4)
  6 wolf spiders
  2 manticores (Lair:5)
  9 elephants
  3 black mambas
  Joseph (D:8)
  3 torpor snails
  12 cane toads
  Maggie (D:6)
  4 komodo dragons
  4 rime drakes
  3 demonic crawlers (Spider:1)
  A tyrant leech (Lair:3)
  2 polar bears (Lair:4)
  7 tarantellas (Spider:1)
  28 blink frogs
  12 jumping spiders
  7 culicivoras
  Sigmund (D:5)
  47 yaks
  3 wyverns
  A steam dragon (D:7)
  5 basilisks
  35 redbacks
  3 swamp worms (Lair:3)
  15 water moccasins
  Duvessa (D:4)
  3 ice beasts
  A sky beast (D:8)
  2 orc warriors
  3 black bears
  An ogre (D:3)
  11 wolves
  2 centaurs
  15 bullfrogs
  2 kobold brigands (D:8)
  6 scorpions
  2 jellies
  Dowan (D:4)
  4 killer bees (D:7)
  A howler monkey (D:8)
  5 electric eels
  3 lava snakes (Lair:4)
  2 hounds (D:5)
  4 orc priests
  4 orc wizards
  An iguana (D:6)
  3 gnolls (D:4)
  9 adders
  A river rat (D:4)
  A white imp (D:8)
  2 worms
  3 dart slugs
  24 orcs
  9 endoplasms
  A giant cockroach (D:1)
  2 goblins
  4 hobgoblins
  3 quokkas
  4 ball pythons
  8 bats
  A frilled lizard (D:2)
  15 kobolds
  7 rats
431 creatures vanquished.

Vanquished Creatures (collateral kills)
  2 redbacks (Spider:2)
2 creatures vanquished.

Vanquished Creatures (others)
  A kobold (D:8)
  20 fungi
  70 plants
91 creatures vanquished.

Grand Total: 524 creatures vanquished

Notes
Turn   | Place    | Note
-------+----------+-------------------------------------------
     0 | D:1      | LabCoat the Hill Orc Fighter began the quest for the Orb.
     0 | D:1      | Reached XP level 1. HP: 19/19 MP: 1/1
   131 | D:1      | Reached skill level 3 in Axes
   170 | D:1      | Reached XP level 2. HP: 27/27 MP: 2/2
  1177 | D:2      | Reached XP level 3. HP: 33/33 MP: 3/3
  1464 | D:3      | Found a sacrificial altar of Ru.
  1469 | D:3      | Noticed an ogre
  1795 | D:3      | Found a shimmering blue altar of Sif Muna.
  1795 | D:3      | Found a broken altar of Ashenzari.
  1802 | D:3      | Found a faded altar of an unknown god.
  1804 | D:3      | Found a snail-covered altar of Cheibriados.
  1806 | D:3      | Found a faded altar of an unknown god.
  1869 | D:3      | Reached skill level 4 in Axes
  1932 | D:3      | Reached XP level 4. HP: 40/40 MP: 4/4
  2097 | D:3      | Killed an ogre
  2098 | D:3      | Reached skill level 5 in Axes
  2098 | D:3      | Reached XP level 5. HP: 46/46 MP: 5/5
  2377 | D:3      | Identified the +3 leather armour "Jukliq" {Rampage Dex+3}
  2645 | D:4      | Found a bloodstained altar of Trog.
  2648 | D:4      | Became a worshipper of Trog the Wrathful
  2693 | D:4      | Found a staircase to the Ecumenical Temple.
  2705 | D:4      | Reached skill level 6 in Axes
  2705 | D:4      | Reached XP level 6. HP: 32/53 MP: 6/6
  2724 | D:4      | Found an opulent altar of Gozag.
  2816 | D:4      | Found a glowing drain.
  2837 | Sewer    | Entered a sewer
  2936 | Sewer    | Noticed a water moccasin
  2957 | Sewer    | Killed a water moccasin
  2958 | Sewer    | Reached skill level 7 in Axes
  3392 | Temple   | Entered the Ecumenical Temple
  3471 | D:4      | Noticed Dowan
  3493 | D:4      | Killed Dowan
  3494 | D:4      | Reached skill level 1 in Dodging
  3494 | D:4      | Reached XP level 7. HP: 56/60 MP: 7/7
  3516 | D:4      | Noticed Duvessa
  3527 | D:4      | Killed Duvessa
  3914 | D:5      | Entered Level 5 of the Dungeon
  3924 | D:5      | Reached skill level 1 in Throwing
  4072 | D:5      | Noticed Sigmund
  4098 | D:5      | Killed Sigmund
  4099 | D:5      | Reached skill level 8 in Axes
  4274 | D:5      | Reached * piety under Trog
  4275 | D:5      | Reached skill level 5 in Armour
  4443 | D:5      | Reached XP level 8. HP: 66/67 MP: 8/8
  4450 | D:5      | Reached skill level 5 in Fighting
  4450 | D:5      | Reached skill level 9 in Axes
  4458 | D:5      | Identified the +8 arbalest of Honour {flame, Drain MP-9
                  | Int+9}
  4893 | D:6      | Found a transporter.
  4893 | D:6      | Noticed Smoky173's ghost (novice GrMo)
  4893 | D:6      | Identified the +8 great mace of Annoyance {protect, rPois
                  | Str+3 Dex-4}
  4894 | D:6      | Found a transporter.
  4904 | D:6      | Reached skill level 10 in Axes
  5061 | D:6      | Found Edomm's Assorted Antiques.
  5061 | D:6      | Found Umoix's Book Boutique.
  5065 | D:6      | Found Nogat's Book Boutique.
  5071 | D:6      | Found Wieppoh's General Store.
  5086 | D:6      | Identified the +8 spear of the Doomed Warrior {speed, Fly}
  5542 | D:6      | Reached skill level 11 in Axes
  5545 | D:6      | Noticed Maggie
  5558 | D:6      | Killed Maggie
  5559 | D:6      | Reached skill level 5 in Shields
  5559 | D:6      | Reached XP level 9. HP: 68/75 MP: 9/9
  6271 | D:7      | Found a white marble altar of Elyvilon.
  6337 | D:7      | Reached skill level 1 in Evocations
  6604 | D:7      | Reached skill level 12 in Axes
  6772 | D:7      | Reached ** piety under Trog
  7159 | D:7      | Found a basalt altar of Yredelemnul.
  7459 | D:8      | Noticed Joseph
  7471 | D:8      | Killed Joseph
  7472 | D:8      | Reached skill level 13 in Axes
  7472 | D:8      | Reached XP level 10. HP: 46/83 MP: 10/10
  7635 | D:8      | Found a staircase to the Lair.
  8409 | D:8      | Found a stormy altar of Qazlal.
  8460 | Lair:1   | Entered Level 1 of the Lair of Beasts
  8861 | Lair:1   | Noticed a five-headed hydra
  8872 | Lair:1   | Killed a five-headed hydra
  8873 | Lair:1   | Reached skill level 14 in Axes
  9176 | Lair:1   | Noticed a cane toad
  9187 | Lair:1   | Killed a cane toad
  9188 | Lair:1   | Reached skill level 1 in Maces & Flails
  9611 | Lair:1   | Reached skill level 15 in Axes
  9710 | Lair:1   | Reached XP level 11. HP: 88/92 MP: 11/11
 10362 | Lair:2   | Reached *** piety under Trog
 10363 | Lair:2   | Reached skill level 16 in Axes
 11479 | Lair:2   | Reached XP level 12. HP: 103/103 MP: 12/12
 11908 | Lair:3   | Reached skill level 17 in Axes
 12220 | Lair:3   | Found a hole to the Spider Nest.
 12732 | Lair:3   | Reached **** piety under Trog
 12946 | Lair:3   | Got the Catalogue of Dimensional Execration
 13481 | Lair:3   | Found a staircase to the Swamp.
 14265 | Lair:4   | Reached skill level 18 in Axes
 14265 | Lair:4   | Reached skill level 10 in Armour
 14834 | Lair:4   | Noticed a six-headed hydra
 14846 | Lair:4   | Killed a six-headed hydra
 14901 | Lair:4   | Found a runed translucent door.
 14901 | Lair:4   | Found a staircase to the Slime Pits.
 14943 | Lair:4   | Found a runed translucent door.
 14977 | Lair:4   | Reached XP level 13. HP: 113/113 MP: 13/13
 14998 | Lair:4   | Found a runed translucent gate.
 14999 | Lair:4   | Found a runed translucent gate.
 15000 | Lair:4   | Found a runed translucent gate.
 15000 | Lair:4   | Found a runed translucent gate.
 15000 | Lair:4   | Found a runed translucent gate.
 15016 | Lair:4   | Found a runed translucent gate.
 15052 | Lair:4   | Reached skill level 10 in Fighting
 15950 | Lair:4   | Reached skill level 5 in Throwing
 16095 | Lair:5   | Entered Level 5 of the Lair of Beasts
 16392 | Lair:5   | Noticed Sonja
 16424 | Lair:5   | Killed Sonja
 16491 | Lair:4   | Reached ***** piety under Trog
 16625 | Lair:4   | Reached skill level 10 in Shields
 16933 | Lair:5   | Reached skill level 5 in Maces & Flails
 17779 | Lair:5   | Reached XP level 14. HP: 124/124 MP: 14/14
 18433 | Lair:5   | Reached skill level 19 in Axes
 19242 | D:6      | Bought a scroll of identify for 32 gold pieces
 19253 | D:6      | Bought a wand of roots (7) for 201 gold pieces
 19253 | D:6      | Bought a scroll of magic mapping for 90 gold pieces
 19253 | D:6      | Bought 6 boomerangs for 36 gold pieces
 19453 | Slime:1  | Entered Level 1 of the Pits of Slime
 19453 | Slime:1  | Noticed a rockslime
 19521 | Swamp:1  | Entered Level 1 of the Swamp
 20586 | Swamp:1  | Noticed Louise
 21210 | Spider:1 | Entered Level 1 of the Spider Nest
 21289 | Spider:1 | Noticed a broodmother
 21289 | Spider:1 | Noticed an entropy weaver
 21474 | Lair:3   | Killed a broodmother
 21543 | Lair:3   | Killed an entropy weaver
 22513 | Spider:1 | Noticed a broodmother
 22915 | Spider:1 | Killed a broodmother
 23555 | Spider:1 | Received a gift from Trog
 23860 | Spider:1 | Noticed a ghost moth
 23881 | Spider:1 | Reached XP level 15. HP: 134/134 MP: 0/15
 23885 | Spider:1 | Killed a ghost moth
 24047 | Spider:2 | Noticed a ghost moth
 24334 | Spider:2 | Killed a ghost moth
 25327 | Spider:2 | Noticed Jorgrun
 25700 | Spider:2 | Killed Jorgrun
 26360 | Spider:2 | Noticed Arachne
 26411 | Spider:2 | HP: 5/204 [Arachne/staff of poison (18)]
 26414 | Spider:2 | Mangled by Arachne

Illustrated notes

Levels and vault maps discovered:
D:1:      dpeg_arrival_boxorama, layout_loops_ring
D:2:      layout_rooms, minmay_misc_feat_room
D:3:      layout_loops_corners, mainiacjoe_overflow_chevrons,
          chequers_temple_overflow_minitemple, kennysheep_generic_room_9
D:4:      layout_rooms, lemuel_crystal_altar, nicolae_gozag_seed_capital,
          minmay_temple_entry_drinking_statues, cheibrodos_sewer_entry_sluice,
          serial_park_tiny_2, uniq_duvessa
D:5:      layout_rooms, minmay_door_square, uniq_sigmund
D:6:      layout_loops_ring, gammafunk_ghost_smash, minmay_shop_grid_forest,
          uniq_maggie
D:7:      layout_gridville, kennysheep_ying_yang
D:8:      layout_basic, nicolae_qazlal_scattered_showers, dpeg_oklobed_lair,
          chequers_garden, minmay_tree_intersection, uniq_joseph
Temple:   nicolae_temple_god_jail
Lair:1:   layout_cave_pods
Lair:2:   layout_regular_city, serial_rivers, chequers_serial_rivers_micro_e,
          chequers_serial_rivers_large_a, chequers_serial_rivers_large_b,
          chequers_serial_rivers_micro_b, chequers_serial_rivers_small_3,
          serial_bayou_lagoon_a, fungi_pond_lemuel, minivault_27
Lair:3:   layout_regular_city, nicolae_swamp_entry_splash_gauntlet,
          spider_nest_entry_rubble, chequers_serial_rivers_small_b,
          grunt_megastairs_5
Lair:4:   gammafunk_indiana_jones, layout_layer_cave, slime_entry_2,
          grunt_megastairs_4, serial_bayou_shore_a, lemuel_fruit_tree
Lair:5:   evilmike_catoblepas_cave, layout_cave_shapes, minivault_27, uniq_sonja
Swamp:1:  layout_basic_swamp, serial_swamp_ruin, evilmike_swamp_ruin_house_2,
          evilmike_swamp_ruin_house_6, uniq_mlioglotl, uniq_aizul, uniq_louise
Spider:1: layout_spider_delve
Spider:2: layout_cave_pods, uniq_jorgrun, uniq_arachne
Slime:1:  layout_caves

Skill      XL: |  1  2  3  4  5  6  7  8  9 10 11 12 13 14 15 |
---------------+----------------------------------------------+-----
Axes           | 3 4 5 6 7 8 11 13 15 16 18 19 | 19.6
Fighting       | 4 5 6 7 8 9 11 12 13 | 13.2
Armour         | 4 5 6 8 9 10 11 12 13 | 13.1
Shields        | 4 5 6 8 9 10 12 | 12.4
Dodging        | 1 2 3 |  3.1
Throwing       | 1 2 3 4 5 |  5.3
Evocations     | 1 2 3 |  3.2
Maces & Flails | 1 2 5 8 9 |  9.4

Action                   |  1- 3 |  4- 6 |  7- 9 | 10-12 | 13-15 || total
-------------------------+-------+-------+-------+-------+-------++-------
Melee: War axe           |   108 |    85 |   277 |   515 |   706 ||  1691
       Flail             |       |       |       |    18 |       ||    18
       Morningstar       |       |       |       |     7 |    38 ||    45
       Demon whip        |       |       |       |       |   176 ||   176
Throw: Dart              |     1 |    19 |    24 |    65 |    18 ||   127
       Boomerang         |       |       |    15 |       |    14 ||    29
Invok: Berserk           |       |       |     1 |     5 |    11 ||    17
       Brothers in Arms  |       |       |       |       |     2 ||     2
Evoke: Wand              |       |     2 |     6 |    26 |    17 ||    51
  Use: Scroll            |     4 |     2 |     6 |     6 |    15 ||    33
       Potion            |       |     3 |     6 |     4 |    15 ||    28
 Stab: Invisible         |       |       |       |     2 |       ||     2
       Betrayed ally     |       |       |       |     1 |     1 ||     2
Armor: Scale mail        |    30 |       |       |       |       ||    30
       Chain mail        |    15 |    54 |   153 |       |       ||   222
       Skin              |       |     4 |       |       |       ||     4
       Plate armour      |       |       |     4 |   192 |   684 ||   880
Dodge: Dodged            |    41 |    26 |    61 |   101 |   245 ||   474
Block: Buckler           |    25 |    13 |     8 |       |       ||    46
       Kite shield       |       |       |   138 |   266 |   611 ||  1015
       Reflection        |       |       |       |       |     1 ||     1
